AoeStats
← talaria

Arabia

509788998Analyzed
4v4 RM · 4d ago on Sep 28, 2026· 30m 22s· 8 players
Game mode
Random Map
Map size
Large (8 player)
Population
200
Speed
Normal
Resources
Standard
Victory
Conquest
Starting age
Dark Age
Ending age
Imperial Age
RankedLock teamsTeams togetherTeam positionsShared explorationLock speedFull tech treeHidden civsTurbo modeCheats
Victory
Defeat
🇺🇸 Mapuche · United States
1327
+14
🇨🇦 Franks · Canada
1299
+15
🇺🇸 Saracens · United States
1257
+17
🇺🇸 Lithuanians · United States
1242
+17
🇺🇾 Hindustanis · Uruguay
1361
-19
🇦🇷 Ethiopians · Argentina
1254
-15
🇺🇾 Saracens · Uruguay
1247
-15
🇺🇾 Persians · Uruguay
1231
-14
old man
7:07 Loom
9:05 Feudal Age
15:25 Forging
24:15 Castle Age
23:12 Scale Barding Armor
23:02 Gold Mining
25:24 Wheelbarrow
25:16 Chain Barding Armor
24:47 Double-Bit Axe
25:25 Husbandry
26:03 Iron Casting
talaria
6:25 Loom
9:22 Feudal Age
10:10 Double-Bit Axe
17:45 Fletching
20:32 Horse Collar
20:44 Gold Mining
24:32 Castle Age
24:31 Padded Archer Armor
24:45 Crossbowman
27:49 Bodkin Arrow
30:16 Town Watch
Bensun
5:58 Loom
8:33 Feudal Age
9:22 Double-Bit Axe
17:05 Scale Barding Armor
20:35 Castle Age
19:18 Forging
19:59 Horse Collar
20:11 Gold Mining
21:01 Bloodlines
25:56 Chain Barding Armor
28:20 Husbandry
Skunk77
7:25 Loom
9:48 Feudal Age
11:40 Double-Bit Axe
15:39 Fletching
17:56 Town Watch
20:08 Wheelbarrow
25:00 Castle Age
23:35 Padded Archer Armor
25:21 Crossbowman
26:01 Bodkin Arrow
28:25 Bow Saw
30:37 Ballistics
Lord Selby
7:27 Loom
9:57 Feudal Age
10:58 Double-Bit Axe
13:40 Fletching
13:51 Padded Archer Armor
17:28 Padded Archer Armor
17:26 Gold Mining
27:57 Castle Age
28:07 Crossbowman
poli2107
5:57 Loom
8:58 Feudal Age
13:56 Horse Collar
14:29 Double-Bit Axe
22:35 Castle Age
21:08 Gold Mining
24:32 Forging
TuRco
7:14 Loom
9:36 Feudal Age
15:24 Scale Barding Armor
20:17 Castle Age
18:51 Horse Collar
19:00 Double-Bit Axe
21:41 Husbandry
22:32 Bloodlines
22:34 Forging
23:12 Forging
29:12 Heavy Plow
Gonzat92
5:59 Loom
9:33 Feudal Age
13:58 Padded Archer Armor
13:50 Fletching
14:52 Padded Archer Armor
26:17 Castle Age
25:33 Gold Mining
26:22 Crossbowman
27:04 Bodkin Arrow
Connection lost

Rejoining the realm…

Still unreachable

The connection could not be restored.

Session expired

The server has moved on; the page needs a fresh start.